 Dungeon Crawl Stone Soup version 0.29-a0-648-g6b26cc9f40 (webtiles) character file.

Game seed: 4494773705523705352

3 sdcore the Skirmisher (level 1, 0/14 HPs)
             Began as a Gargoyle Berserker on June 21, 2022.
             Was a Follower of Trog.
             Slain by a kobold
             ... wielding a +0 short sword
              (1 damage)
             ... on level 1 of the Dungeon.
             The game lasted 00:00:44 (120 turns).

sdcore the Skirmisher (Gargoyle Berserker)           Turns: 120, Time: 00:00:44

Health: 0/14       AC:  4    Str: 20    XL:     1   Next: 50%
Magic:  1/1        EV: 11    Int:  7    God:    Trog [*.....]
Gold:   8          SH:  0    Dex:  9    Spells: 0/0 levels left

rFire   . . .      SeeInvis .   a - +0 mace
rCold   . . .      Faith    .   (no shield)
rNeg    + . .      Spirit   .   b - +0 animal skin
rPois   ∞          Reflect  .   (no helmet)
rElec   +          Harm     .   (no cloak)
rCorr   .          Rampage  .   (no gloves)
Will    .....                   (no boots)
Stlth   +.........              (no amulet)
HPRegen 0.04/turn               (no ring)
MPRegen 0.07/turn               (no ring)

@: no status effects
A: sickness immunity, AC +2, negative energy resistance 1, electricity
resistance, torment resistance 1, petrification resistance
a: Renounce Religion, Berserk


You were on level 1 of the Dungeon.
You worshipped Trog.
Trog was aware of your devotion.
You visited 1 branch of the dungeon, and saw 1 of its levels.

You collected 8 gold pieces.

Inventory:

Hand Weapons
 a - a +0 mace (weapon)
Armour
 b - a +0 animal skin (worn)
Scrolls
 c - a scroll of magic mapping {unknown}
Potions
 d - a potion of brilliance {unknown}


   Skills:
 + Level 3.4 Fighting
 + Level 3.1 Maces & Flails
 + Level 2.2 Armour
 + Level 1.6 Dodging


You couldn't memorise any spells.
You didn't know any spells.
Your spell library was empty.

Dungeon Overview and Level Annotations

Branches:
Dungeon (1/15)

Altars:


Innate Abilities, Weirdness & Mutations

You are immune to sickness and miasma.
Your stone body is resilient. (AC +2)
You are immune to poison.
You resist negative energy. (rN+)
You are resistant to electric shocks. (rElec)
You are resistant to unholy torment.
You are immune to petrification.


Message History

You feel yourself speed up.
Found a spear.
You see here a +0 spear.
You recover from your berserk rage.
A kobold comes into view. It is wielding a +0 short sword.
Found a short sword and a silvery potion.
The kobold shouts!
A kobold is nearby!
A jackal comes into view.
The jackal barks!
The kobold closely misses you.
You closely miss the kobold.
The kobold hits you with a +0 short sword.
You closely miss the kobold. The jackal barely misses you.
The kobold hits you with a +0 short sword.
You closely miss the kobold.
The jackal bites you but does no damage.
The kobold closely misses you.
The jackal bites you but does no damage.
You closely miss the kobold. The jackal bites you.
The kobold closely misses you. The jackal closely misses you.
The kobold closely misses you.
You closely miss the kobold. The jackal misses you.
The kobold barely misses you.
The jackal bites you but does no damage.
You closely miss the kobold. The jackal closely misses you.
The kobold hits you with a +0 short sword.
* * * LOW HITPOINT WARNING * * *
You barely miss the kobold. The jackal completely misses you.
The kobold barely misses you. The jackal closely misses you.
You hit the kobold.
The kobold is moderately wounded.
The jackal bites you but does no damage.
The kobold hits you with a +0 short sword.
* * * LOW HITPOINT WARNING * * *
The jackal misses you.
You closely miss the kobold.
The kobold is moderately wounded.
The kobold hits you with a +0 short sword.
You die...

# .....## # .....# .....
#.... #...#
#...################
#..hK...............
####..@......).........
........................
.....................###
.....................#
^..).....#############
.........# .........#
##### .........# #....
..!.....# #....


You could see a jackal and a kobold.

Vanquished Creatures
  A hobgoblin (D:1)
  A quokka (D:1)
  A rat (D:1)
3 creatures vanquished.

Notes
Turn   | Place    | Note
-------+----------+-------------------------------------------
     0 | D:1      | sdcore the Gargoyle Berserker began the quest for the Orb.
     0 | D:1      | Reached XP level 1. HP: 14/14 MP: 1/1
   120 | D:1      | Slain by a kobold

Illustrated notes

Levels and vault maps discovered:
D:1:      lemuel_arrival_cross, layout_basic, basic_ecumenical_altar,
          serial_shops, nicolae_shop_trees, minmay_pentomino_s2

Action                   || total
-------------------------++-------
Melee: Mace              ||    14
Invok: Berserk           ||     1
Armor: Animal skin       ||     6
Dodge: Dodged            ||    16

Table legend: (Time is in decaauts)
 A = Elapsed time spent in this place.
 B = Non-inter-level travel time spent in this place.
 C = Inter-level travel time spent in this place.
 D = Time resting spent in this place.
 E = Time spent auto-exploring this place.
 F = Levels seen in this place.
 G = Mean time per level.
                   A        B        C        D        E       F      G
               +--------+--------+--------+--------+--------+-----+--------+
         Total |    133 |    127 |      6 |      0 |     77 |   1 |  133.0 |
       Dungeon |    133 |    127 |      6 |      0 |     77 |   1 |  133.0 |
               +--------+--------+--------+--------+--------+-----+--------+

Top non-repeatable levels by time:
     D:1: 133 daAuts
